 Dungeon Crawl Stone Soup version 0.30.1-9-gdf580d7c3d (webtiles) character file.

Game seed: 13875720522517293945

592112 Nonny the Slayer (level 27, -2/193 HPs)
             Began as a Tengu Fighter on Oct 23, 2023.
             Was the Champion of Zin.
             Killed from afar by a hellion (28 damage)
             ... with damnation
             ... in Pandemonium on Oct 24, 2023.
             The game lasted 06:33:42 (93678 turns).

Nonny the Slayer (Tengu Fighter)                   Turns: 93678, Time: 06:33:43

Health: -2/193     AC: 32    Str: 17    XL:     27
Magic:  38/38      EV: 19    Int:  7    God:    Zin [******]
Gold:   1278       SH: 41    Dex: 28    Spells: 26/26 levels left

rFire   + . .        t - +5 eudemon blade (holy)
rCold   + . .        X - +10 tower shield of Ignorance {rN+ Int-4}
rNeg    + + +        m - +8 storm dragon scales {Bai Suzhen}
rPois   .            b - +0 hat of Defiance {rC+}
rElec   +            K - +2 cloak of the Postmodern Portals {rC+ SInv Stlth+}
rCorr   +            p - +0 pair of gloves {infuse}
SInv    +            (boots unavailable)
Will    +++..        r - amulet of Buss {Reflect Dex+3 SH+5}
Stlth   ++++         w - ring of protection from fire
HPRegen 0.52/turn    c - ring of Danaplud {rC- rN+++ Will+ rCorr Stlth+}
MPRegen 0.26/turn

%: reflection, infuse magic (1 MP)
@: flying quickly and evasively, studying 3 skills, quick
A: beak, talons 3, nimble flight
}: 4/15 runes: barnacled, silver, abyssal, gossamer
a: Renounce Religion, Recite, Vitalisation, Imprison, Sanctuary, Donate Gold


You were in Pandemonium.
You worshipped Zin.
Zin was exalted by your worship.
You visited 12 branches of the dungeon, and saw 52 of its levels.
You visited Pandemonium 1 time, and saw 1 of its levels.
You visited the Abyss 1 time.
You visited 1 bazaar.
You also visited: Sewer, Ossuary and Ice Cave.

You collected 8142 gold pieces.
You spent 5459 gold pieces at shops.
You donated 1405 gold pieces to Zin.

Inventory:

Hand Weapons
 a - a +8 scimitar of flaming
 t - a +5 eudemon blade of holy wrath (weapon)
Missiles
 d - 5 curare-tipped darts
 i - 104 poisoned darts (quivered)
 q - 16 silver javelins
 v - 18 javelins
 R - 6 throwing nets
Armour
 b - the +0 hat of Defiance (worn) {rC+}
   (You found it on level 4 of the Spider Nest)

   rC:        It protects you from cold.
 m - +8 storm dragon scales (worn) {Bai Suzhen}
 o - +8 gold dragon scales
 p - a +0 pair of gloves of infusion (worn)
 K - the +2 cloak of the Postmodern Portals (worn) {rC+ SInv Stlth+}
   (You found it on level 15 of the Dungeon)

   rC:        It protects you from cold.
   SInv:      It lets you see invisible.
   Stlth:     It makes you more stealthy.
 S - the +6 chain mail of Wifef {rF++ SInv}
   (You found it on level 5 of the Lair of Beasts)

   rF:        It greatly protects you from fire.
   SInv:      It lets you see invisible.
 X - the +10 tower shield of Ignorance (worn) {rN+ Int-4}
   (You acquired it on level 3 of the Depths)

   Int:       It affects your intelligence (-4).
   rN:        It protects you from negative energy.
Jewellery
 c - the ring of Danaplud (right hand) {rC- rN+++ Will+ rCorr Stlth+}
   (You bought it in a shop in a bazaar)

   [ring of resist corrosion]

   rC:        It makes you vulnerable to cold.
   rN:        It renders you almost immune to negative energy.
   rCorr:     It protects you from acid and corrosion.
   Will:      It increases your willpower.
   Stlth:     It makes you more stealthy.
 l - the ring of the Coward {Will++ Str+6}
   (You acquired it on level 5 of the Vaults)

   [ring of strength]

   Str:       It affects your strength (+6).
   Will:      It greatly increases your willpower.
 r - the amulet of Buss (around neck) {Reflect Dex+3 SH+5}
   (You bought it in a shop on level 2 of the Orcish Mines)

   [amulet of reflection]

   It reflects blocked missile attacks.
   Dex:       It affects your dexterity (+3).
   SH:        It affects your SH (+5).
 w - a ring of protection from fire (left hand)
 C - the ring "Umony" {*Slow rPois rF+ Str+5}
   (You found it in an ice cave)

   [ring of protection from fire]

   Str:       It affects your strength (+5).
   rF:        It protects you from fire.
   rPois:     It protects you from poison.
   *Slow:     It may slow you when you take damage.
 Y - a ring of protection from cold
Wands
 u - a wand of roots (27)
 x - a wand of paralysis (47)
 B - a wand of quicksilver (23)
 F - a wand of digging (27)
 N - a wand of flame (47)
 Q - a wand of mindburst (30)
Scrolls
 f - 10 scrolls of amnesia
 y - 4 scrolls of fear
 z - 13 scrolls of teleportation
 G - 5 scrolls of fog
 M - 4 scrolls of immolation
 O - 6 scrolls of poison
 U - 4 scrolls of summoning
 V - a scroll of blinking
 Z - 3 scrolls of magic mapping
Potions
 e - 11 potions of haste
 j - 7 potions of magic
 k - 22 potions of curing
 A - 6 potions of might
 E - 4 potions of brilliance
 P - a potion of cancellation
 T - 8 potions of mutation
Miscellaneous
 h - a condenser vane (inert)
 n - a phial of floods
 H - a lightning rod (3/4)
 I - a phantom mirror


   Skills:
 - Level 25.0 Fighting
 - Level 18.4 Long Blades
 + Level 19.2 Armour
 - Level 12.0 Dodging
 * Level 11.0 Stealth
 - Level 22.0 Shields
 * Level 21.3 Invocations
 - Level 9.0 Evocations


You had 26 spell levels left.
You didn't know any spells.
Your spell library contained the following spells:

 Spells                   Type           Power      Damage    Failure   Level
 Magic Dart               Conj           0%         1d3       99%         1
 Slow                     Hex            0%         N/A       99%         1
 Summon Small Mammal      Summ           0%         N/A       99%         1
 Blink                    Tloc           0%         N/A       99%         2
 Call Imp                 Summ           0%         N/A       99%         2
 Ensorcelled Hibernation  Hex/Ice        0%         N/A       99%         2
 Lesser Beckoning         Tloc           0%         N/A       99%         2
 Momentum Strike          Conj/Tloc      0%         3d8       99%         2
 Passwall                 Tmut/Erth      0%         N/A       99%         2
 Static Discharge         Conj/Air       0%         2-2/arc   99%         2
 Sublimation of Blood     Necr           0%         N/A       99%         2
 Call Canine Familiar     Summ           0%         N/A       100%        3
 Confusing Touch          Hex            0%         N/A       100%        3
 Dazzling Flash           Conj/Hex       0%         N/A       100%        3
 Gell's Gravitas          Tloc           0%         N/A       100%        3
 Inner Flame              Hex/Fire       0%         N/A       100%        3
 Mephitic Cloud           Conj/Pois/Air  0%         N/A       100%        3
 Stone Arrow              Conj/Erth      0%         3d7       100%        3
 Summon Guardian Golem    Hex/Summ       0%         N/A       100%        3
 Swiftness                Air            0%         N/A       100%        3
 Teleport Other           Tloc           0%         N/A       100%        3
 Tukima's Dance           Hex            0%         N/A       100%        3
 Vampiric Draining        Necr           0%         2d6       100%        3
 Airstrike                Air            0%         2d(0-16)  100%        4
 Anguish                  Hex/Necr       0%         N/A       100%        4
 Animate Armour           Summ/Erth      0%         N/A       100%        4
 Cause Fear               Hex            0%         N/A       100%        4
 Dispel Undead            Necr           0%         3d6       100%        4
 Flame Wave               Conj/Fire      0%         2d4       100%        4
 Fulminant Prism          Conj/Hex       0%         3d5       100%        4
 Iskenderun's Mystic Bla  Conj/Tloc      0%         2d3       100%        4
 Passage of Golubria      Tloc           0%         N/A       100%        4
 Petrify                  Tmut/Erth      0%         N/A       100%        4
 Sticky Flame             Conj/Fire      0%         2d3       100%        4
 Summon Ice Beast         Ice/Summ       0%         N/A       100%        4
 Summon Lightning Spire   Summ/Air       0%         N/A       100%        4
 Agony                    Necr           0%         N/A       100%        5
 Blade Hands              Tmut           0%         N/A       100%        5
 Borgnjor's Vile Clutch   Necr/Erth      0%         N/A       100%        5
 Irradiate                Conj/Tmut      0%         3d11      100%        5
 Metabolic Englaciation   Hex/Ice        0%         N/A       100%        5
 Silence                  Hex/Air        0%         N/A       100%        5
 Summon Forest            Summ/Tloc      0%         N/A       100%        5
 Summon Mana Viper        Hex/Summ       0%         N/A       100%        5
 Yara's Violent Unravell  Hex/Tmut       0%         3d3       100%        5
 Eringya's Noxious Bog    Tmut/Pois      0%         N/A       100%        6
 Iron Shot                Conj/Erth      0%         9d1       100%        6
 Statue Form              Tmut/Erth      0%         N/A       100%        6
 Summon Cactus Giant      Summ           0%         N/A       100%        6
 Enfeeble                 Hex            0%         N/A       100%        7
 Monstrous Menagerie      Summ           0%         N/A       100%        7
 Orb of Destruction       Conj           0%         9d5       100%        7
 Spellforged Servitor     Conj/Summ      0%         N/A       100%        7
 Summon Hydra             Summ           0%         N/A       100%        7
 Borgnjor's Revivificati  Necr           0%         N/A       100%        8
 Lehudib's Crystal Spear  Conj/Erth      0%         10d2      100%        8
 Necromutation            Tmut/Necr      0%         N/A       100%        8
 Chain Lightning          Conj/Air       0%         N/A       100%        9
 Death's Door             Necr           0%         N/A       100%        9


Dungeon Overview and Level Annotations

Branches:
Dungeon (15/15)            Temple (1/1) D:5            Lair (5/5) D:8
 Shoals (4/4) Lair:3       Spider (4/4) Lair:2        Slime (5/5) Lair:4
    Orc (2/2) D:9             Elf (3/3) Orc:2        Vaults (5/5) D:13
  Crypt (3/3) Vaults:3       Tomb (0/3) Crypt:3      Depths (4/4) D:15
   Hell (visited)             Zot (0/5) Depths:4      Sewer (visited)
Ossuary (visited)           IceCv (visited)
    Dis: Hell:1         Geh: Hell:1         Coc: Hell:1         Tar: Hell:1

Altars:
Ashenzari
Cheibriados
Dithmenos
Elyvilon
Fedhas
Gozag
Hepliaklqana
Kikubaaqudgha
Makhleb
Nemelex Xobeh
Okawaru
Qazlal
Ru
Sif Muna
Trog
Uskayaw
Vehumet
Wu Jian
Xom
Yredelemnul
Zin
The Shining One
Jiyva

Shops:
D:2 !   Orc:2 (![=   Elf:3 (****   Vaults:2 [   Vaults:5 (?   Depths:2 !

Portals:
Hell: Depths:1 Depths:2 Depths:3 Depths:4
Abyss: Lair:1 Depths:1 Depths:3
Pandemonium: Depths:2
Ziggurat: Depths:1

Annotations:
Slime:5 Royal Jelly
Depths:2 exclusion: downstairs
Hell Geryon


Innate Abilities, Weirdness & Mutations

You have a beak for a mouth.
You have claws for feet.
Your magical nature lets you fly swiftly and evasively.


Message History

Your peck misses the sixfirhy. You block the sixfirhy's attack. x2
You slash the sixfirhy!
The sixfirhy convulses.
You claw the sixfirhy!
The sixfirhy is severely wounded.
You cut the sixfirhy into ribbons!!!
You kill the sixfirhy!
The hellion gestures at you.
The sphere of damnation explodes!
The damnation engulfs you!!
* * * LOW HITPOINT WARNING * * *
You hear a hideous shriek!
Unknown command.
Activating: Sanctuary (0% risk of failure)
Press: ? - help, Dir - look around, f - activate You hear a choir sing!
The chaos spawn turns to flee the light!
Unknown command.
There is an open door here.
You are confused.
You feel invigorated.
You start resting.
You feel less invigorated.
You feel less confused.
You start resting.
A hellion is nearby!
Aiming: Dig
Press: ? - help, Shift-Dir - straight line A wall of the weird stuff which makes up Pandemonium.
The weird stuff shatters into small pieces.
Unknown command.
The hellion gestures at you.
The sphere of damnation explodes!
The damnation engulfs you!!!
* * * LOW HITPOINT WARNING * * *
Unknown command.
Aiming: Dig
Press: ? - help, Shift-Dir - straight line A wall of the weird stuff which makes up Pandemonium.
The weird stuff shatters into small pieces.
Unknown command.
The hellion gestures at you.
The sphere of damnation explodes!
The damnation engulfs you!!
You die...

#.# ######.#
#.....#.############
#.....##2##.........
#.....#.#.#.........
#......###..........
####.....##
##..######.
######.........#
#### #.
#....#.....@...# #..
#....#.........# #..
#....'.........# #..
#...##.........# ###
########'##'###...
#........+....#...
#........#....#....
#........#....# ..
#........#....#


You could see a hellion.

Vanquished Creatures
  A dread lich (Crypt:3)
  Mara (Vaults:5)
  A juggernaut (Depths:4)
  Sojobo (Vaults:4)
  Bai Suzhen (Shoals:4)
  Boris (twice) (Depths:4 Vaults:5)
  Frederick (Depths:3)
  Parghit (Depths:4)
  Xtahua (Vaults:2)
  Saint Roka (Vaults:3)
  Jory (Vaults:5)
  4 golden dragons
  A caustic shrike (Depths:2)
  Nikola (Vaults:2)
  4 bone dragons
  Arachne (Spider:4)
  Jorgrun (Orc:1)
  7 liches
  Zenata (Elf:1)
  A tentacled monstrosity (Vaults:5)
  The ghost of 2SB3 the Severer, an adept MiBe of Trog (Spider:4)
  2 deep elf master archers (Elf:3)
  3 quicksilver dragons (Vaults:5)
  5 titans
  4 sphinxes
  3 deep elf blademasters
  10 acid blobs
  11 ancient champions
  2 krakens (Shoals:3)
  Frances (Elf:1)
  The ghost of adizb the Warrior, an adept DsFi of Jiyva (Spider:4)
  Polyphemus (Shoals:2)
  Kirke (Spider:2)
  The ghost of jeffwa1876 the Impaler, an adept HOFi of the Shining One (Spider:4)
  Agnes (Elf:1)
  3 storm dragons
  Donald (Spider:2)
  6 rockslimes
  Ilsuiw (Shoals:4)
  6 tengu reavers
  2 revenants (Crypt:3)
  A shadow dragon (Vaults:5)
  A demonspawn warmonger (Pan)
  8 azure jellies
  4 daevas
  The ghost of Esekla the Sorcerer, an adept DEWn of Vehumet (Spider:4)
  9 fire giants
  5 frost giants
  6 deep elf sorcerers
  A balrug (Depths:4)
  2 iron dragons
  10 emperor scorpions
  4 ghost moths
  2 orc warlords (Vaults:4)
  A draconian scorcher (Depths:4)
  7 deep elf elementalists (Elf:3)
  4 curse skulls
  17 vault wardens
  A juggernaut zombie (Crypt:3)
  21 ironbound preservers
  4 quicksilver oozes
  A spriggan defender (Depths:2)
  4 angels
  12 very ugly things
  2 war gargoyles
  3 broodmothers
  A ghoul (Crypt:1)
  The ghost of Nedac819 the Bludgeoner, a journeyman GrGl of Gozag (Elf:2)
  2 caustic shrike skeletons
  A demonspawn corrupter (Pan)
  6 ironbound thunderhulks
  14 stone giants
  A green draconian (Depths:4)
  A cacodemon (Abyss:3)
  13 vampire knights
  2 reapers
  8 deep elf demonologists
  A purple draconian (Depths:4)
  9 dire elephants
  7 deep elf annihilators
  2 black draconians (Depths:4)
  A white draconian (Depths:4)
  11 deep elf death magi
  5 merfolk impalers
  2 red draconians (Depths:4)
  6 spark wasps
  Azrael (Elf:1)
  The ghost of bearlyready the Carver, a journeyman FoAr of Ru (D:12)
  7 eidola
  2 crystal guardians
  13 ettins
  7 merfolk javelineers
  7 fire dragons
  14 great orbs of eyes
  14 jiangshi
  An entropy weaver (shapeshifter) (Elf:3)
  Josephine (D:15)
  6 entropy weavers
  19 yaktaur captains
  8 deep elf high priests
  Erolcha (D:11)
  32 vault guards
  13 ice dragons
  3 spriggan zombies
  4 peacekeepers
  4 rakshasas
  A spriggan skeleton (Crypt:3)
  4 hydras
  10 ironbound frosthearts
  6 merfolk aquamancers
  3 jorogumos
  An alligator snapping turtle (Shoals:1)
  A jorogumo (shapeshifter) (Depths:4)
  5 catoblepae
  3 boulder beetles
  The ghost of zombieproer the Severer, a novice MiBe of Trog (Lair:1)
  A fenstrider witch skeleton (Crypt:3)
  3 ogre magi
  5 spriggan air magi
  4 death knights
  16 two-headed ogres
  30 dancing weapons
  14 centaur warriors
  Erica (Orc:1)
  2 Orb Guardian skeletons (Crypt:1)
  A merfolk avatar (Shoals:2)
  2 satyrs
  2 radroaches
  9 tengu warriors
  Urug (Orc:1)
  11 deep troll earth magi
  29 death yaks
  8 spriggan berserkers
  3 thrashing horrors
  5 deep troll shamans
  2 soul eaters
  10 vampire magi
  A storm dragon zombie (Depths:2)
  2 hell knights (Depths:3)
  17 deep elf knights
  3 skysharks
  50 skeletal warriors
  4 sun demons
  4 shadow wraiths
  A sixfirhy (Pan)
  A fire crab (Lair:5)
  2 spark wasp zombies
  2 salamander mystics (Depths:2)
  A quicksilver dragon simulacrum (Depths:2)
  A pharaoh ant (Spider:1)
  4 iron trolls
  13 sea snakes
  A sun moth (Spider:2)
  5 large abominations
  10 glowing orange brains
  A flayed ghost (Crypt:2)
  8 orb spiders
  6 cherubim (Depths:3)
  13 lindwurms
  A sphinx zombie (Crypt:1)
  Pikel (D:5)
  7 deep elf archers
  11 wizards
  63 deep trolls
  19 phantasmal warriors
  An anaconda skeleton (Crypt:3)
  26 deep elf pyromancers
  21 harpies
  23 ironbound convokers
  The ghost of bairyn the Thaumaturge, a novice DESu (D:7)
  9 orc knights
  13 necromancers
  17 wolf spiders
  29 deep elf zephyrmancers
  11 steelbarb worms
  3 orc sorcerers
  24 ugly things
  10 fauns
  A fire giant zombie (Vaults:1)
  2 will-o-the-wisps (D:14)
  2 shining eyes
  A shining eye (shapeshifter) (D:10)
  13 manticores
  A stone giant zombie (Depths:2)
  16 merfolk sirens
  8 centaur zombies
  A fire giant skeleton (Depths:2)
  11 cyclopes
  4 water nymphs (Shoals:4)
  3 stone giant skeletons (Crypt:3)
  3 black mambas
  5 moths of wrath
  A sphinx skeleton (Vaults:1)
  A rust devil (Lair:1)
  2 torpor snails
  22 elephants
  2 centaur skeletons
  6 storm dragon simulacra (IceCv)
  A naga mage (D:15)
  14 vault sentinels
  3 demonic crawlers
  3 smoke demons
  4 orange demons
  A sea snake zombie (Crypt:1)
  A gargoyle (D:11)
  A titan simulacrum (Vaults:1)
  11 cane toads
  A frost giant skeleton (Depths:2)
  A yellow draconian zombie (Crypt:1)
  A yaktaur zombie (Vaults:1)
  3 hellions (Pan)
  An unseen horror (shapeshifter) (Elf:3)
  A spark wasp simulacrum (Depths:2)
  Maggie (D:7)
  4 unseen horrors
  22 yaktaurs
  An alligator snapping turtle skeleton (Crypt:3)
  5 komodo dragons
  A rime drake (Lair:1)
  An efreet (D:12)
  A tormentor (Abyss:3)
  4 freezing wraiths
  6 golden dragon simulacra (IceCv)
  A black draconian skeleton (Crypt:3)
  A pale draconian skeleton (Crypt:3)
  4 tengu conjurers
  A redback zombie (Crypt:3)
  36 merfolk
  18 trolls
  2 ancient zymes
  A meliai (shapeshifter) (Vaults:5)
  3 polar bears
  An unseen horror skeleton (Crypt:3)
  3 meliai (D:15)
  10 wind drakes
  A wolf spider simulacrum (Lair:1)
  A hellwing (Abyss:3)
  3 harpy skeletons (Crypt:3)
  A red draconian skeleton (Crypt:2)
  24 tarantellas
  10 hornets
  Prince Ribbit (D:7)
  12 snapping turtles
  A merfolk (shapeshifter) (Vaults:5)
  7 dream sheep
  19 blink frogs
  A sphinx simulacrum (Vaults:1)
  A meliai zombie (Crypt:3)
  An ice dragon skeleton (Crypt:3)
  17 culicivoras
  2 air elementals
  10 flying skulls
  4 shadows
  99 slime creatures
  4 vampires
  18 jumping spiders
  3 ettin skeletons (Crypt:3)
  A centaur simulacrum (D:15)
  A dire elephant simulacrum (Lair:1)
  A slime creature (shapeshifter) (Depths:2)
  A culicivora (shapeshifter) (Depths:2)
  7 water elementals
  55 yaks
  17 humans (D:13)
  4 spriggans
  A wind drake zombie (Crypt:2)
  3 black mamba skeletons
  An alligator skeleton (Crypt:2)
  2 hogs (Spider:2)
  6 wyverns
  Grum (D:11)
  6 fire elementals
  4 golden eyes
  16 wraiths
  3 basilisks
  A redback (shapeshifter) (Vaults:5)
  4 neqoxecs (Abyss:3)
  42 redbacks
  2 chaos spawn (Pan)
  5 wargs
  Menkaure (Ossuary)
  A demonspawn zombie (Crypt:2)
  18 vampire mosquitoes
  3 acid dragons
  2 hydra simulacra (Lair:1)
  10 water moccasins
  3 floating eyes
  6 hell hounds
  A demonspawn skeleton (Crypt:2)
  3 naga skeletons (Crypt:3)
  An elephant zombie (Lair:4)
  A swamp drake (D:14)
  4 black bears
  19 orc warriors
  7 ice dragon simulacra (IceCv)
  3 ice beasts
  19 ogres
  12 wolves
  2 phantoms (D:9)
  An elf zombie (Crypt:2)
  2 komodo dragon zombies (Lair:4)
  7 kobold brigands
  Blork the orc (D:5)
  3 earth elementals
  A salamander skeleton (Crypt:2)
  7 bullfrogs
  3 gnoll sergeants
  9 scorpions
  A cane toad simulacrum (Lair:1)
  7 wights
  3 small abominations
  A raiju zombie (Crypt:1)
  6 killer bees
  2 lindwurm simulacra (IceCv)
  3 howler monkeys
  9 electric eels
  A lava snake (D:13)
  2 basilisk zombies
  8 orc priests
  2 gnoll boudas
  7 hounds
  7 jellies
  A human skeleton (Crypt:3)
  A sleepcap (D:4)
  4 iguanas
  14 orc wizards
  7 hell rats
  6 ogre zombies (D:9)
  A bullfrog simulacrum (Lair:1)
  4 mummies
  8 adders
  14 gnolls
  10 river rats
  3 shadow imps (D:6)
  2 white imps (D:5)
  A lava snake zombie (Crypt:1)
  An adder zombie (Crypt:1)
  A worm (D:6)
  A dart slug (D:5)
  66 orcs
  9 ball pythons
  15 endoplasms
  3 giant cockroaches
  3 goblins (D:1)
  A hobgoblin (D:4)
  8 jackals
  18 kobolds
  3 quokkas
  A ball python skeleton (Crypt:3)
  3 frilled lizards
  A frilled lizard skeleton (Crypt:3)
  6 gnoll skeletons (Ossuary)
  4 gnoll zombies (Ossuary)
  8 goblin skeletons
  5 goblin zombies
  4 hobgoblin zombies
  3 kobold skeletons (Ossuary)
  4 kobold zombies (Ossuary)
  5 orc skeletons
  19 orc zombies
  A quokka skeleton (Crypt:2)
  A quokka zombie (Crypt:1)
  13 rats
  8 rat skeletons (Ossuary)
  4 rat zombies (Ossuary)
  4 butterflies (D:6)
  6 tentacles (Shoals:3)
2333 creatures vanquished.

Vanquished Creatures (collateral kills)
  Mennas (Depths:3)
  An ironbound preserver (Vaults:1)
  An ironbound convoker (Vaults:4)
  A blink frog (Lair:1)
4 creatures vanquished.

Vanquished Creatures (others)
  A draconian knight (Depths:4)
  A deep elf annihilator (Elf:3)
  A deep elf pyromancer (Elf:2)
  A harpy (Shoals:4)
  An orc (Vaults:3)
  7 foxfires (D:14)
  46 tentacles (Shoals:3)
58 creatures vanquished.

Grand Total: 2395 creatures vanquished

Notes
Turn   | Place    | Note
-------+----------+-------------------------------------------
     0 | D:1      | Nonny the Tengu Fighter began the quest for the Orb.
     0 | D:1      | Reached XP level 1. HP: 14/14 MP: 2/2
    23 | D:1      | Starting vault: waterlogged
   160 | D:1      | Reached XP level 2. HP: 19/19 MP: 3/3
   686 | D:2      | Reached XP level 3. HP: 23/23 MP: 4/4
   940 | D:2      | Found Xatty's Distillery.
   949 | D:2      | Bought a potion of curing for 30 gold pieces
  1490 | D:2      | Necronomicon in northwest hallway
  1865 | D:3      | Reached XP level 4. HP: 28/28 MP: 5/5
  2007 | D:3      | Found a blossoming altar of Fedhas.
  2276 | D:3      | Found a faded altar of an unknown god.
  2607 | D:4      | Gained mutation: Your magical nature lets you fly swiftly
                  | and evasively. [Tengu growth]
  2607 | D:4      | Reached XP level 5. HP: 12/33 MP: 6/6
  2722 | D:4      | You are sucked into a shaft and drop 2 floors!
  2724 | D:6      | Lucky guess on the magic mapping scroll (MAGYAKHLOAFO)
  2793 | D:6      | Found a glowing drain.
  2800 | D:6      | Sewer entrance in southeast corner.
  2854 | Sewer    | Entered a sewer
  2937 | Sewer    | Noticed a kobold brigand
  2937 | Sewer    | Kobold sewer.
  2941 | Sewer    | Noticed a kobold brigand
  2961 | Sewer    | Killed a kobold brigand
  2962 | Sewer    | Reached skill level 4 in Fighting
  2962 | Sewer    | Reached skill level 5 in Long Blades
  2962 | Sewer    | Reached XP level 6. HP: 10/38 MP: 7/7
  2990 | Sewer    | Found a white marble altar of Elyvilon.
  3070 | Sewer    | Never knew what Elyvilon has anything to do with this.
  3140 | D:6      | Beware of electric eels on eastern D:6.
  3190 | D:6      | Noticed an ice beast
  3243 | D:6      | Killed an ice beast
  3286 | D:6      | Reached XP level 7. HP: 24/43 MP: 8/8
  3313 | D:6      | Lava pits vault in southwest.
  3329 | D:6      | Ogre in the west!
  3659 | D:6      | Reached XP level 8. HP: 48/48 MP: 9/9
  3737 | D:6      | Found a runed translucent door.
  3743 | D:6      | Noticed a yak
  3743 | D:6      | Noticed a yak
  3744 | D:6      | Noticed a yak
  3744 | D:6      | Noticed a yak
  3744 | D:6      | Noticed a yak
  3747 | D:6      | Found a runed translucent door.
  3757 | D:6      | Yak pack in center of floor! They surrrounded an arthropod
                  | vault.
  3833 | D:6      | Killed a yak
  3834 | D:6      | Reached skill level 5 in Fighting
  3924 | D:6      | Noticed a yak
  4046 | D:6      | Killed a yak
  4047 | D:6      | Reached skill level 1 in Stealth
  4089 | D:5      | Entered Level 5 of the Dungeon
  4234 | D:5      | Found a staircase to the Ecumenical Temple.
  4243 | Temple   | Entered the Ecumenical Temple
  4260 | Temple   | Became a worshipper of Zin the Law-Giver
  4260 | Temple   | Reached * piety under Zin
  4408 | D:5      | Found a sand-covered staircase.
  4413 | D:5      | Reached skill level 5 in Shields
  4414 | D:5      | Ossuary in southeast.
  4417 | Ossuary  | Entered an ossuary
  4541 | Ossuary  | Reached ** piety under Zin
  4746 | Ossuary  | Reached *** piety under Zin
  4786 | Ossuary  | Noticed Menkaure
  4796 | Ossuary  | Killed Menkaure
  4897 | D:5      | Reached skill level 6 in Fighting
  4918 | D:5      | Reached skill level 1 in Invocations
  4974 | D:5      | Noticed Pikel
  4990 | D:5      | Noticed Blork the orc
  5033 | D:5      | Killed Pikel
  5034 | D:5      | Reached XP level 9. HP: 26/56 MP: 9/11
  5046 | D:5      | Killed Blork the orc
  5047 | D:5      | Reached skill level 7 in Fighting
  5818 | D:4      | Reached **** piety under Zin
  5987 | D:4      | Found a basalt altar of Yredelemnul.
  6983 | D:5      | Reached skill level 8 in Fighting
  7003 | D:5      | Center of floor has slime vault. Beware of slime creatures!
  7625 | D:6      | Reached XP level 10. HP: 35/64 MP: 14/14
  7865 | D:7      | Reached skill level 5 in Invocations
  8171 | D:7      | Found a transporter.
  8175 | D:7      | Found a transporter.
  8175 | D:7      | Noticed bairyn's ghost (novice DESu)
  8178 | D:7      | Noticed a cyclops
  8211 | D:7      | Noticed Prince Ribbit
  8231 | D:7      | Killed Prince Ribbit
  8239 | D:7      | Reached skill level 9 in Fighting
  8357 | D:7      | Noticed Maggie
  8547 | D:7      | Killed Maggie
  8925 | D:7      | Found a burning altar of Makhleb.
  8997 | D:8      | Reached ***** piety under Zin
  9111 | D:8      | Found a shadowy altar of Dithmenos.
  9118 | D:8      | Found a bloodstained altar of Trog.
  9124 | D:8      | Found an opulent altar of Gozag.
  9131 | D:8      | Found a sparkling altar of Nemelex Xobeh.
  9137 | D:8      | Found a hide-covered altar of Uskayaw.
  9144 | D:8      | Found a white marble altar of Elyvilon.
  9150 | D:8      | Found an ornate altar of the Wu Jian Council.
  9324 | D:8      | Found a staircase to the Lair.
  9345 | D:8      | Reached skill level 10 in Long Blades
  9877 | D:9      | Reached skill level 5 in Armour
 10091 | D:9      | Reached skill level 10 in Fighting
 10255 | D:9      | Reached XP level 11. HP: 61/72 MP: 15/15
 10303 | D:9      | Undead vault.
 10334 | D:9      | Found a staircase to the Orcish Mines.
 10343 | D:9      | Noticed a two-headed ogre
 10488 | D:9      | Reached skill level 1 in Dodging
 10500 | D:9      | Noticed a two-headed ogre
 10529 | D:9      | Killed a two-headed ogre
 11738 | D:10     | Entered Level 10 of the Dungeon
 11969 | D:10     | Noticed a centaur warrior
 11995 | D:10     | Killed a centaur warrior
 12132 | D:10     | Reached ****** piety under Zin
 12149 | D:10     | Got Ityguixt's Simple Gnosis
 12167 | D:10     | Noticed a two-headed ogre
 12344 | D:10     | Noticed a cyclops
 12364 | D:10     | Killed a cyclops
 12417 | D:10     | Noticed a brown ugly thing
 12610 | D:10     | Noticed an orc sorcerer
 12656 | D:10     | Identified the ring "Allon" {*Corrode rF- Will+++ AC+4
                  | Dex+2}
 12656 | D:10     | Noticed a deep elf pyromancer
 12823 | Lair:1   | Entered Level 1 of the Lair of Beasts
 12824 | Lair:1   | Noticed an eight-headed hydra
 12845 | Lair:2   | Noticed a death yak
 12845 | Lair:2   | Noticed a death yak
 12845 | Lair:2   | Noticed a death yak
 12845 | Lair:2   | Noticed a death yak
 12845 | Lair:2   | Noticed a death yak
 12848 | Lair:1   | Down!Stairway just east of Lair entrance leads to death yak
                  | jamboree.
 13026 | Lair:1   | Reached skill level 11 in Fighting
 13026 | Lair:1   | Reached skill level 5 in Dodging
 13065 | Lair:1   | Noticed a purple ugly thing
 13068 | Lair:1   | Noticed a purple very ugly thing
 13471 | Lair:1   | Identified the +6 sling "Plog" {antimagic, Will+ rCorr
                  | Dex+3}
 13471 | Lair:1   | Noticed a spriggan rider
 13500 | Lair:1   | Found a transporter.
 13503 | Lair:1   | Found a one-way gate to the infinite horrors of the Abyss.
 13503 | Lair:1   | Noticed zombieproer's ghost (novice MiBe)
 13504 | Lair:1   | Found a transporter.
 13504 | Lair:1   | Noticed a sun demon
 13516 | Lair:1   | Noticed a large abomination
 13625 | Lair:1   | Found a transporter.
 13759 | Lair:1   | Found a transporter.
 13998 | Lair:1   | Reached XP level 12. HP: 72/80 MP: 16/16
 14164 | Lair:2   | Grid vault. Contains bullfrog and a lone yak.
 14337 | Lair:2   | Noticed a death yak
 14608 | Lair:2   | Found an opulent altar of Gozag.
 15093 | Lair:3   | Noticed a death yak
 15093 | Lair:3   | Noticed a death yak
 15120 | Lair:3   | Noticed a death yak
 15493 | Lair:3   | Reached skill level 5 in Stealth
 15656 | Lair:3   | Reached skill level 12 in Fighting
 15786 | Lair:3   | Noticed a four-headed hydra
 15820 | Lair:3   | Found a staircase to the Shoals.
 15850 | Lair:3   | Reached skill level 1 in Evocations
 16283 | Lair:4   | Noticed a death yak
 16283 | Lair:4   | Noticed a death yak
 16283 | Lair:4   | Noticed a death yak
 16283 | Lair:4   | Noticed a death yak
 16284 | Lair:4   | Jeez Louise.
 16284 | Lair:4   | Noticed a death yak
 16303 | Lair:4   | Noticed a death yak
 16311 | Lair:4   | Found a staircase to the Slime Pits.
 16311 | Lair:4   | Found a viscous altar of Jiyva.
 16347 | Lair:4   | Noticed a death yak
 16349 | Lair:4   | Noticed a death yak
 16355 | Lair:4   | Noticed a death yak
 16369 | Lair:4   | Noticed a skyshark
 16381 | Lair:4   | HP: 2/81 [electric eel/bolt of electricity (4)]
 16621 | Lair:4   | Noticed a death yak
 16677 | Lair:3   | Reached XP level 13. HP: 87/87 MP: 18/18
 17009 | D:7      | Killed bairyn's ghost
 17520 | D:10     | Identified the +6 battleaxe "Oxatez" {heavy, Fly}
 17528 | D:10     | Identified the +1 hand axe of Pride {flame, rF+++ rC- Str+4
                  | Dex-4}
 17528 | D:10     | Identified the +0 robe "Kagu" {rF+ Str+3 Slay-5}
 17813 | D:10     | Reached skill level 13 in Fighting
 17813 | D:10     | Reached skill level 15 in Long Blades
 18870 | D:11     | Noticed Grum
 19087 | D:11     | Killed Grum
 19388 | D:11     | Noticed Erolcha
 19436 | D:11     | Killed Erolcha
 19985 | D:12     | Found a transporter.
 19989 | D:12     | Noticed bearlyready's ghost (journeyman FoAr)
 19990 | D:12     | Found a bloodstained altar of Trog.
 20013 | D:12     | UNGA BUNGA VAULT
 20016 | D:12     | Found a transporter.
 20868 | D:12     | Reached skill level 14 in Fighting
 21304 | D:12     | Reached XP level 14. HP: 42/96 MP: 21/21
 21820 | D:13     | Lava symbol vault.
 23003 | D:13     | Identified the +7 quarterstaff of Recklessness {protect,
                  | Str+5}
 23156 | D:13     | Reached skill level 10 in Invocations
 23276 | D:13     | Found a gate to the Vaults.
 23792 | Lair:2   | Found a hole to the Spider Nest.
 24938 | Lair:3   | Reached skill level 15 in Fighting
 24991 | Lair:3   | Reached XP level 15. HP: 98/103 MP: 23/23
 26020 | Lair:4   | Reached skill level 10 in Shields
 26089 | Lair:5   | Entered Level 5 of the Lair of Beasts
 26442 | Lair:5   | Identified the +6 chain mail of Wifef {rF++ SInv}
 26454 | Lair:5   | Wifef is in the east.
 26806 | Lair:5   | This floor has a lot of yaks and elephants. They seem to
                  | spawn towards the center.
 27140 | Lair:5   | Catoblepas endvault.
 27223 | Lair:5   | Reached skill level 16 in Fighting
 27507 | Shoals:1 | Entered Level 1 of the Shoals
 28298 | Shoals:1 | Reached XP level 16. HP: 99/110 MP: 22/24
 28419 | Shoals:1 | You are sucked into a shaft and drop 1 floor!
 30198 | Shoals:3 | Noticed a kraken
 30214 | Shoals:3 | Kraken to the north!
 30339 | Shoals:3 | Noticed Polyphemus
 31253 | Shoals:4 | Entered Level 4 of the Shoals
 31841 | D:14     | Swampy vault.
 32656 | D:15     | Entered Level 15 of the Dungeon
 32656 | D:15     | Noticed Josephine
 32665 | D:15     | Killed Josephine
 32674 | D:15     | Reached skill level 17 in Fighting
 32714 | D:15     | Found a frozen archway.
 32738 | IceCv    | Entered an ice cave
 32814 | IceCv    | Reached XP level 17. HP: 40/117 MP: 10/26
 33027 | IceCv    | Forbidden chess piece (rook)
 33860 | IceCv    | Noticed a golden dragon
 33872 | IceCv    | This is new to me.
 33998 | IceCv    | Identified the ring "Umony" {*Slow rPois rF+ Str+5}
 34406 | D:15     | Identified the +2 cloak of the Postmodern Portals {rC+ SInv
                  | Stlth+}
 34672 | D:15     | Found a white marble altar of Elyvilon.
 34832 | D:15     | Paralysed by an orc sorcerer for 4 turns
 34888 | D:15     | Found a staircase to the Depths.
 35447 | Orc:1    | Entered Level 1 of the Orcish Mines
 35447 | Orc:1    | Noticed Jorgrun
 35544 | Orc:1    | Noticed Urug
 35546 | Orc:1    | Noticed Erica
 35551 | Orc:1    | Killed Jorgrun
 35561 | Orc:1    | Killed Urug
 35565 | Orc:1    | Killed Erica
 35567 | Orc:1    | What a welcome party! Zin found them unclean, though. ;)
 35784 | Orc:2    | Entered Level 2 of the Orcish Mines
 35881 | Orc:2    | Ogre and troll ending.
 35934 | Orc:2    | Reached skill level 15 in Shields
 36140 | Orc:2    | Found a staircase to the Elven Halls.
 36198 | Orc:2    | Found Zuessi's Jewellery Shop.
 36198 | Orc:2    | Found Areasuf's Armour Boutique.
 36201 | Orc:2    | Found Afoecs's Distillery.
 36202 | Orc:2    | Bought the amulet of Buss {Reflect Dex+3 SH+5} for 519 gold
                  | pieces
 36216 | Orc:2    | Found Pythres's Antique Weapon Shop.
 36219 | Orc:2    | Bought a potion of mutation for 112 gold pieces
 36219 | Orc:2    | Bought a potion of magic for 112 gold pieces
 36219 | Orc:2    | Bought a potion of curing for 42 gold pieces
 36219 | Orc:2    | Bought a potion of curing for 42 gold pieces
 36917 | D:12     | Killed bearlyready's ghost
 37317 | Lair:1   | Identified a scroll of acquirement
 37324 | Lair:1   | Killed zombieproer's ghost
 37330 | Lair:1   | Acquired a manual of Fighting
 37607 | Shoals:3 | Killed a kraken
 37633 | Shoals:3 | Noticed a kraken
 37718 | Shoals:3 | Killed a kraken
 38258 | D:2      | Bought a potion of heal wounds for 50 gold pieces
 38258 | D:2      | Bought a potion of invisibility for 80 gold pieces
 38258 | D:2      | Bought a potion of cancellation for 80 gold pieces
 38258 | D:2      | Bought a potion of mutation for 80 gold pieces
 38258 | D:2      | Bought a potion of haste for 100 gold pieces
 38625 | Shoals:2 | Killed Polyphemus
 38748 | Shoals:3 | Reached XP level 18. HP: 121/124 MP: 27/27
 39209 | Shoals:4 | Reached skill level 18 in Fighting
 41018 | Shoals:4 | Noticed Ilsuiw
 41592 | Spider:1 | Entered Level 1 of the Spider Nest
 42806 | Spider:2 | Noticed Kirke
 43199 | Spider:2 | Killed Kirke
 43750 | Spider:3 | Noticed Donald
 43765 | Spider:2 | Killed Donald
 44807 | Spider:4 | Entered Level 4 of the Spider Nest
 44852 | Spider:4 | Found a runed translucent gate.
 44852 | Spider:4 | Found a runed translucent gate.
 44853 | Spider:4 | Found a runed translucent gate.
 44853 | Spider:4 | Noticed adizb's ghost (adept DsFi)
 44853 | Spider:4 | Noticed 2SB3's ghost (adept MiBe)
 44854 | Spider:4 | Noticed jeffwa1876's ghost (adept HOFi)
 44854 | Spider:4 | Noticed Esekla's ghost (adept DEWn)
 45325 | Spider:4 | Reached XP level 19. HP: 132/132 MP: 29/29
 45584 | Spider:4 | Noticed Arachne
 45669 | Spider:4 | Killed Arachne
 45670 | Spider:4 | Reached skill level 19 in Fighting
 45934 | Spider:4 | Identified the +0 hat of Defiance {rC+}
 46383 | Spider:4 | Is there always a phial of floods in this endvault?
 46467 | Spider:4 | This is the endvault with the moth of wrath, emperor
                  | scorpions, etc. in the central room.
 46726 | Spider:4 | Got a gossamer rune of Zot
 47574 | Shoals:4 | Noticed Bai Suzhen
 48022 | Shoals:4 | Killed Ilsuiw
 48183 | Shoals:4 | Got a barnacled rune of Zot
 48184 | Shoals:4 | It's in the north. Actually not too far from the pair of
                  | stairs.
 48727 | Shoals:4 | Manual of staves in another northern circle chamber. It's
                  | to the right of the rune chamber.
 49127 | Vaults:1 | Entered Level 1 of the Vaults
 49630 | Vaults:1 | The first enemy packs here are pretty rough. There's a
                  | vault warden among many deep trolls and preservers.
 49781 | Vaults:1 | Reached skill level 20 in Fighting
 49831 | Vaults:1 | Reached XP level 20. HP: 134/140 MP: 31/31
 51838 | Vaults:2 | Noticed Xtahua
 52475 | Vaults:2 | Noticed Nikola
 53107 | Vaults:2 | Killed Nikola
 53546 | Vaults:2 | Reached skill level 21 in Fighting
 53870 | Vaults:2 | Found Biekiub's Antique Armour Boutique.
 53878 | Vaults:2 | Bought a creamy pearl robe for 176 gold pieces
 53878 | Vaults:2 | Identified the +1 robe of Purpose {*Slow Str+2 Dex+5} (You
                  | bought it in a shop on level 2 of the Vaults)
 54764 | Vaults:3 | Paralysed by a great orb of eyes for 3 turns
 54962 | Vaults:3 | Reached XP level 21. HP: 148/148 MP: 33/33
 55315 | Vaults:3 | Reached skill level 15 in Invocations
 55777 | Vaults:3 | Found a staircase to the Crypt.
 55777 | Vaults:3 | Noticed Saint Roka
 55778 | Vaults:3 | Saint Roka hanging out with the ghoulies. In the east.
 56902 | Vaults:4 | Noticed Sojobo
 56923 | Vaults:4 | Reached skill level 22 in Fighting
 57082 | Vaults:4 | Found a flickering gateway to a bazaar.
 57088 | Bazaar   | Entered a bazaar
 57088 | Bazaar   | Found Rereguip's General Store.
 57088 | Bazaar   | Found Miqa's General Store.
 57088 | Bazaar   | Found Cumitat's Jewellery Shoppe.
 57088 | Bazaar   | Found Mays's Jewellery Shop.
 57090 | Bazaar   | Found Jinger's Antique Armour Shoppe.
 57090 | Bazaar   | Found Lozeino's General Store.
 57103 | Bazaar   | Bought a scroll of teleportation for 45 gold pieces
 57106 | Bazaar   | Bought the ring of Danaplud {rC- rN+++ Will+ rCorr Stlth+}
                  | for 691 gold pieces
 57113 | Bazaar   | Bought a wand of quicksilver (7) for 441 gold pieces
 57119 | Bazaar   | Bought a potion of curing for 30 gold pieces
 57119 | Bazaar   | Bought a scroll of teleportation for 30 gold pieces
 57119 | Bazaar   | Bought a scroll of magic mapping for 75 gold pieces
 57124 | Bazaar   | Bought a scroll of teleportation for 21 gold pieces
 57124 | Bazaar   | Bought a potion of curing for 21 gold pieces
 57124 | Bazaar   | Bought a potion of curing for 21 gold pieces
 57124 | Bazaar   | Bought 2 potions of haste for 140 gold pieces
 57124 | Bazaar   | Bought a scroll of enchant weapon for 52 gold pieces
 57338 | Bazaar   | Bazaar: glass circle island.
 57567 | Vaults:4 | Bazaar is in the north of the floor, btw. Not easy to
                  | reach! Need flight.
 57611 | Vaults:4 | Killed Sojobo
 58660 | Vaults:4 | Identified the +4 arbalest of the Dwarven Hall {heavy, rF+
                  | rC+ SInv}
 58873 | Vaults:4 | Identified the ring of Coronation {rPois Str+2}
 59518 | Elf:1    | Entered Level 1 of the Elven Halls
 59534 | Elf:1    | Noticed Frances
 59537 | Elf:1    | Noticed Agnes
 59763 | Elf:1    | Killed Agnes
 59772 | Elf:1    | Reached skill level 5 in Evocations
 59779 | Elf:1    | Killed Frances
 59902 | Orc:2    | HP: 4/152 [deep elf zephyrmancer/bolt of lightning (27)]
 60994 | Elf:1    | Noticed Zenata
 61011 | Elf:1    | Killed Zenata
 61519 | Depths:1 | Entered Level 1 of the Depths
 61519 | Depths:1 | Found a gateway to Hell.
 61546 | Depths:1 | Found a hide-covered altar of Uskayaw.
 61633 | Depths:1 | Reached XP level 22. HP: 141/158 MP: 34/34
 62397 | Depths:1 | Found a one-way gateway to a ziggurat.
 63180 | Depths:1 | Voluntarily entered the Abyss.
 63421 | Abyss:3  | Got an abyssal rune of Zot
 63657 | Depths:1 | Escaped the Abyss
 64126 | Depths:2 | Found Pyosm's Distillery.
 64131 | Depths:2 | Bought a potion of haste for 170 gold pieces
 64131 | Depths:2 | Bought a potion of curing for 51 gold pieces
 64131 | Depths:2 | Bought a potion of might for 68 gold pieces
 64131 | Depths:2 | Bought a potion of invisibility for 136 gold pieces
 64131 | Depths:2 | Bought a potion of curing for 51 gold pieces
 64137 | Depths:2 | Bought a potion of berserk rage for 85 gold pieces
 64834 | Depths:2 | Reached skill level 23 in Fighting
 65104 | Depths:2 | Found a one-way gate leading to the halls of Pandemonium.
 65228 | Depths:2 | Noticed a caustic shrike
 65248 | Depths:2 | Killed a caustic shrike
 65656 | Depths:2 | Got Boxal's Excursus on the Charnel Commander
 66778 | Depths:2 | Identified the +6 halberd of Corruption {freeze, rC+}
 67211 | Depths:3 | Paralysed by a floating eye for 4 turns
 67281 | Depths:3 | HP: 7/160 [ice dragon/blast of cold (13)]
 67739 | Depths:3 | Hoo boy. Two of the upstairs on this floor are near each
                  | other and by a nasty jamboree. The third stairs aren't too
                  | far away, either.
 67871 | Depths:2 | Reached XP level 23. HP: 114/165 MP: 35/35
 68033 | Depths:2 | Reached skill level 10 in Armour
 68551 | Depths:3 | Paralysed by a floating eye for 2 turns
 68728 | Depths:3 | Identified the +3 war axe "Nofaoh" {venom, rElec Str+2}
 68780 | Depths:3 | Noticed Frederick
 68950 | Depths:3 | Killed Frederick
 69931 | Depths:3 | Found a radiant altar of Vehumet.
 70083 | Depths:3 | Found the +5 robe of Night {Dark Will+ SInv}
 70097 | Depths:3 | Two games in a row? Hot damn! It's in the north. :)
 70534 | Depths:3 | Found a glowing silver altar of Zin.
 70534 | Depths:3 | Noticed Mennas
 70553 | Depths:3 | Killed Mennas
 70554 | Depths:3 | Reached skill level 24 in Fighting
 70957 | Depths:3 | Acquired the +10 tower shield of Ignorance {rN+ Int-4}
 70957 | Depths:3 | Found the +10 tower shield of Ignorance {rN+ Int-4}
 71144 | Depths:4 | Entered Level 4 of the Depths
 71184 | Depths:4 | Noticed Parghit
 71184 | Depths:4 | Noticed a juggernaut
 71311 | Depths:4 | Noticed a golden dragon
 71323 | Depths:4 | Noticed Boris
 71331 | Depths:4 | Killed a golden dragon
 71339 | Depths:4 | Killed Boris
 71824 | Depths:4 | Noticed a golden dragon
 71886 | Depths:4 | Found a gate to the Realm of Zot.
 72581 | Depths:4 | Killed a golden dragon
 72726 | Depths:4 | Zot entrance vault seems mere, but it does have a lot of
                  | powerful enemies around, like golden dragons and a titan.
 73025 | Depths:4 | Killed a juggernaut
 73127 | Depths:4 | Killed Parghit
 73376 | Depths:4 | Hell entrance vault with dwarf skeletons.
 73853 | Vaults:5 | Entered Level 5 of the Vaults
 73940 | Vaults:5 | Reached XP level 24. HP: 75/175 MP: 28/35
 74343 | Vaults:5 | Noticed Jory
 74898 | Vaults:4 | Donated 763 gold pieces to Zin
 75150 | Vaults:5 | Reached skill level 25 in Fighting
 75366 | Vaults:5 | Identified the +4 robe "Kujaavea" {rPois rF+}
 75493 | Vaults:5 | Noticed Boris
 75805 | Vaults:5 | Found Worghyacs's Magic Scroll Emporium.
 75809 | Vaults:5 | Bought a scroll of acquirement for 572 gold pieces
 75809 | Vaults:5 | Bought a scroll of enchant armour for 82 gold pieces
 75812 | Vaults:5 | Acquired the ring of the Coward {Will++ Str+6}
 75896 | Vaults:5 | Got a silver rune of Zot
 75897 | Vaults:5 | Rune in top right quadrant. Middle row box on the left.
 76093 | Vaults:5 | Noticed Mara
 76380 | Vaults:5 | Killed Jory
 76645 | Vaults:5 | Noticed Nonny's illusion
 77575 | Vaults:5 | Found Asel's Antique Weapon Boutique.
 77872 | Vaults:5 | Identified the staff of earth "Heare" {rElec}
 77882 | Vaults:5 | Killed Boris
 77952 | Vaults:5 | Killed Mara
 78340 | Vaults:3 | Killed Saint Roka
 79110 | Vaults:2 | Killed Xtahua
 79607 | Shoals:4 | Killed Bai Suzhen
 80111 | Crypt:1  | Entered Level 1 of the Crypt
 80259 | Crypt:1  | Identified the orb "Gianuize" {guile, Fly rCorr Str-3
                  | Dex+3}
 80540 | Crypt:1  | Reached XP level 25. HP: 181/181 MP: 35/37
 83126 | Crypt:2  | Found the +8 orange crystal plate armour {Archmagi, Int+3
                  | Clar}
 83345 | Crypt:3  | Entered Level 3 of the Crypt
 83796 | Crypt:3  | Noticed a dread lich
 83804 | Crypt:3  | Killed a dread lich
 83805 | Crypt:3  | Reached skill level 15 in Armour
 83806 | Crypt:3  | Found a basalt altar of Yredelemnul.
 84212 | Crypt:3  | Identified the +3 broad axe "Diher" {pain, rCorr}
 84217 | Crypt:3  | Got the Grimoire of Airy Soot
 84483 | Crypt:3  | Spooky scary skeleton fortress!
 84622 | Crypt:3  | Found a burning altar of Makhleb.
 84658 | Crypt:3  | Found a glowing golden altar of the Shining One.
 84867 | Crypt:3  | Found a staircase to the Tomb.
 85631 | Spider:4 | Killed adizb's ghost
 85639 | Spider:4 | Killed Esekla's ghost
 85646 | Spider:4 | Killed jeffwa1876's ghost
 85654 | Spider:4 | Killed 2SB3's ghost
 85939 | Slime:1  | Entered Level 1 of the Pits of Slime
 86331 | Slime:1  | Paralysed by a floating eye for 4 turns
 86422 | Lair:4   | Reached XP level 26. HP: 153/188 MP: 37/38
 87472 | Slime:5  | Entered Level 5 of the Pits of Slime
 87837 | Slime:5  | Found the +8 trishula "Condemnation" {holy, anguish, *Noise
                  | Fly rN+}
 88120 | Slime:5  | Found a viscous altar of Jiyva.
 88391 | Slime:5  | Noticed the Royal Jelly
 88621 | Slime:4  | Reached skill level 10 in Dodging
 89340 | Slime:5  | Was placed under penance by Zin
 89643 | Elf:1    | Noticed Azrael
 89667 | Elf:1    | Killed the ghostly Zenata
 89952 | Elf:1    | Killed Azrael
 90003 | Elf:1    | Identified the +1 rapier "Hahucall" {antimagic, rPois}
 90468 | Elf:2    | Was forgiven by Zin
 90655 | Elf:2    | Noticed Nedac819's ghost (journeyman GrGl)
 90680 | Elf:2    | Found a transporter.
 90688 | Elf:2    | Found a transporter.
 90705 | Elf:2    | Killed Nedac819's ghost
 90731 | Elf:2    | Identified the +1 battleaxe "Diheihiw" {flame, rPois rN+
                  | Will- Dex+4}
 90737 | Elf:2    | Acquired a manual of Armour
 90739 | Elf:2    | Acquired 602 gold pieces
 90993 | Elf:2    | Found a huge runed translucent gate.
 90993 | Elf:2    | Found a huge runed translucent gate.
 91004 | Elf:2    | Found a huge runed translucent gate.
 91054 | Elf:2    | Found a huge runed translucent gate.
 91054 | Elf:2    | Found a huge runed translucent gate.
 91568 | Elf:3    | Entered Level 3 of the Elven Halls
 91685 | Elf:3    | Found a shimmering blue altar of Sif Muna.
 91806 | Elf:3    | Found Zegonaf's General Store.
 91811 | Elf:3    | Bought a potion of curing for 57 gold pieces
 91811 | Elf:3    | Bought 3 scrolls of summoning for 541 gold pieces
 91811 | Elf:3    | Bought a scroll of teleportation for 57 gold pieces
 91883 | Elf:3    | Paralysed by an air elemental for 1 turns
 91947 | Elf:3    | Found Niummun's General Store.
 91947 | Elf:3    | Found Ycesyoma's Weapon Shoppe.
 91948 | Elf:3    | Found Byawimn's Assorted Antiques.
 91950 | Elf:3    | Found Noydag's Assorted Antiques.
 92050 | Elf:3    | Bought a scroll of blinking for 105 gold pieces
 92050 | Elf:3    | Bought a scroll of enchant armour for 105 gold pieces
 92050 | Elf:3    | Bought a scroll of fog for 56 gold pieces
 92054 | Elf:3    | Bought a scroll of teleportation for 111 gold pieces
 92054 | Elf:3    | Bought a potion of curing for 111 gold pieces
 92054 | Elf:3    | Bought a potion of curing for 111 gold pieces
 92327 | Elf:3    | Reached skill level 10 in Stealth
 92664 | Elf:3    | Identified the +6 dire flail of the Gnashing Wolf {freeze,
                  | Str+3}
 92664 | Elf:3    | Identified the ring "Cicvat" {rCorr Str+5 Dex-5}
 92820 | Elf:3    | Identified the +8 spear of Superiority {freeze, rElec}
 92827 | Elf:3    | Identified the +3 flail of Indignation {drain, rC+++ rN+
                  | rCorr Str-5}
 92840 | Elf:3    | Identified the +1 war axe of the Enchanted Forest {flame,
                  | SInv}
 92842 | Elf:3    | Identified the +2 robe of Kiafof {rPois rN+}
 92850 | Elf:3    | Got the Folio of the Missiles and Blasphemous Liturgies
 92851 | Elf:3    | Identified the +5 ring mail of the Marlin {rN++ Dex-3}
 93216 | Hell     | Entered the Vestibule of Hell
 93216 | Hell     | Noticed Geryon
 93312 | Pan      | Entered Pandemonium
 93454 | Pan      | Reached XP level 27. HP: 192/193 MP: 31/38
 93586 | Pan      | Found a runed translucent door.
 93678 | Pan      | Killed from afar by a hellion

Illustrated notes ########## +.~#~#~~≈# #~#~##≈# ###~#~#~~# #.~~#~#<~+ #.###~~~~# #.#.#~##≈# #.@.#~~≈≈# ###+###### Turn 23 on D:1: Starting vault: waterlogged #.#.#.#........###### #.#.#.##............. #.#.#^...#.....###### #####.#.######.########## #.....#...........)...... #.############.########## #†# #.########## #.########## #.........†. #>......@..# ############ ############ # # ######################## #....................... #.###################### #.# #.# #.# Turn 1490 on D:2: Necronomicon in northwest hallway ,,,* *,* *,* ,~,* *,* *,* ,,,*****,* *,* ,,,,,,,*,* *****,********* ,,,***,*,******* *,,,,,,,,,,,,,, ,~,***,*,,,,,,,* *,,,*#********* ,,,,,,,,,,,**#,* *,*...,,,,,,,,, ,*,***,***,* #(####...#********** ,,,* *,* *,* #..@....#* **,* *,***,**######.## *,* *,,,,,,,,,,,,,,* *,* *****,********** *,* *,* *,*******,* *,,,,,,,,,* *********** Turn 2724 on D:6: Lucky guess on the magic mapping scroll (MAGYAKHLOAFO) *******#.# #.# # #†# # #†######## #########........## ..........##....[~# #############..~~~# # #.~~~~# #.~~@~# #.~~~∩# ####### Turn 2800 on D:6: Sewer entrance in southeast corner. #~# #~# #~# #~# #########~## #....~.~.~~####### #~.~~~~..~.~.~...###### h#~~≈≈≈~~~~~~~≈~~~~≈≈≈≈≈ KK.~≈≈≈@≈≈≈≈≈≈≈≈≈≈≈≈≈≈≈≈ h#.K≈≈≈~~~~~~~~~~~~~≈≈≈# #..~h~~~~~.~.....###### #.......~~.###.### ############ #∩# ### Turn 2937 on Sewer: Kobold sewer. #.......~≈≈≈≈≈≈≈≈≈≈≈≈≈ ##....#.~≈≈≈))~~~~~~~~ ##.#...#..~†)~~~~.~.... #.###.##...))..~~.###.# #..################ #∩# ##.### ### #.#..### ##.#.#_# ####.@# #..# #### Turn 3070 on Sewer: Never knew what Elyvilon has anything to do with this. ,**** #.##.# ,*,,* #.##.#### ***,* #.......# *,* #.#####.# *,* #.# #.## *,* #.# #..# #.* #.# #..# #.#### #.#####..# #....# #......@.# #.##.# ########.# #.##.# #.# ###.P♣.## #.# ....~♣~P# #÷######## ###P~~~.#########........## ....~P............##....[~# ####....#############..~~~# ###### #.~~~~# Turn 3140 on D:6: Beware of electric eels on eastern D:6. ***,,,,,,,,,,,,**,* *,..##.,,,,,...#*,* *#.#....###.....#*,* #...............#*,* #..≈...≈l§§≈...≈.#,* #.......§........#.##*** #....≈...≈§..≈...#...,,* #........§§........#**,* #..≈§..§.@.≈...≈..#* *,* #................#* *,* *#...≈...≈...≈...# *,* #...............# *,* #.≈...≈...≈...§.# *,* #...............#####,* #.§§§...§)..≈.......#.* #§..............###.#.### #§§§..≈...≈...≈.###.#,... Turn 3313 on D:6: Lava pits vault in southwest. ****,,,,<,,,***,,*** ####.##..,,,,,,,,* #.......#**,***,** #.......# *,* *,* ##.......##*,* *,**** #.........#*,* *,,,,, #.........##.#******* #...O........^,,* ###...@........#*,* #...##.........#*,* ##.#....###.....#*,* #..........§....#*,* #..≈...≈...§...§.#,* #................#.##*** #....≈..†≈...≈...#...,,* #.........§.§......#**,* #..≈...≈..§≈§..≈..#* *,* Turn 3329 on D:6: Ogre in the west! #.# ####### #.#**.#**,** #.# #.##..##*,,* #.# ##......#*,,** ##.# ##...#.....,,,, ...# #..#....~~≈~,~~ ...# #....#..≈≈≈~,~~ #### #.#.....~≈≈~,~~ #####.#.##..~≈≈~,~~ #)@...#.#*..~≈~~,,, ########+#######*,....,,,~ ########...............*,,~~~~~.~ .......#...............*,,~S≈≈~.≈ ######.#....#######....*,,~~≈≈≈.~ #.#....#bbss.#,...**,~~~~~.S #.#....+ssbs.+,,..**,,,,,... #.#....#Bbysy#,,,.*******,.. ###....#######JY,,* **#. Turn 3757 on D:6: Yak pack in center of floor! They surrrounded an arthropod vault. ###>.#### #.# #.g.# #.# #.#.### #.# #.#..g.##.# #.#..#..#.# #...###...# ##∩##..## ##...##..## #..@..##..# .#####'#####.# #........gg...# ##..#######.### # ...# ##### Turn 4414 on D:5: Ossuary in southeast. #### ....÷....# #.......# .........# #.......# .........# #.#...#.# .....J÷.÷# #.......# ## #######'# #.......# .## ##.JJJJJ## #.#...#.# ††## #J######## #.......# #..# ##JJ'....# #.......# ##.## ####@...# #.#...#.# #..# #.......# #.......# ##.#### #.......# #.......# #....# #.......# #.#...#.# ####.# #.......# #.......# #.# ##.....## #...>...# ######.########...## ######### ...........[###'))## #...# ###########.##..)..######...# Turn 7003 on D:5: Center of floor has slime vault. Beware of slime creatures! #..............<.#...#.##.##. .........................#..... #############.###..####...g..#. #.####÷#.#..###.....g.## #..#.##.#.##......#...# #......##.###...#.##..) ....#...$W##..#..#######.. ## #.#.#$###.... ##. #.##.@####### ##. #.Z.ZZ#..# #.####.. .#.#. #.$# ......)g ..# #..# ......)) #..### .......g .Z... ........ ..###.# ........ #( ........ .# ........ Turn 10303 on D:9: Undead vault. #.. ### #..# ####..###.####..## .................. ................ #............# ###............# ##.#............######.#. <...............@........ ......................... ###.###..###########P#### # ### #### # Turn 12848 on Lair:1: Down!Stairway just east of Lair entrance leads to death yak jamboree. # # .##. ##.###.#.# ######.#.PP... .. ##.#..#....... ... ##.#.#.#.#.#.#.#.## #.................# ##.#.#.#.#.#.#.#.## ##........@........#. #.#.#.#.#.#.#.#.#.#...P #....................# ##.#.#.#.#.#.#.#.#...# #.....[..............# ##.#.#.#.#.#.#.#.##..# #...........>........# ##.#.#.#.#.#.#.#.#...## ########..[†.........# Turn 14164 on Lair:2: Grid vault. Contains bullfrog and a lone yak. #.YYY..# #Y.Y...## ##..YY... #.......## #........# #......### #......l.# #$.@....# #P.......# ##.......F.. #.......$.. .......>.?. ##.......... #.......... ....)...... Turn 16284 on Lair:4: Jeez Louise. #..#..#≈.$" . #..# #.©#©...$_[ #... #..#.TT..[ ..## #..##....# ##. ##..#.TQ.#### # #. #..##.O.#..# ..# ##..###...# #..# #....#####....# ##......@....# ###............ ############# Turn 20013 on D:12: UNGA BUNGA VAULT ##..#......# ....########.. .....# ##..# ###...##J...# ##..# ##.......#....+ #..##...≈#.#≈......#### +..#..≈§§#.#§§§........ #....≈≈≈≈#.#§≈§≈..... ###.≈§≈≈§#.#≈§§≈≈.## ###..≈≈≈§≈#.#≈≈≈@≈..#### ....≈≈#####.#####≈≈....# ....≈≈#.........#≈≈....# ....≈≈##.#####.###≈....# ##'.≈§##.#≈≈≈#...#≈.####.. ....≈##.##≈≈§#..##≈....... .....#.##§≈§≈#.#.#..#..... ......##≈≈≈≈≈####......##. ......#§≈≈≈≈≈§≈§#......... Turn 21820 on D:13: Lava symbol vault. ## P# ## ## .### ...####### .........######## 8...............##### ................@..P# .<..........P.P.P....# ...................P#.# ............P.###.P.# ...........P#.# .P.P# ................ ...## ....................P# Y...................## Turn 26454 on Lair:5: Wifef is in the east. .............#.....## . ............###....# #.. ........#..####....##.... .....<###...P........Y... ..)...####..F......Y.Y.... ....................Y..... ..............§...Y....... ................YY.Y...... ................@Y...!.... ...#........#.#...P.PP.... ..###P..#..##....†........ ...####.P..##..#..†....... ######.................... #††#.##....P#.......#..... †#...##....##.#...#....P.. ............#.....#....... .......................... Turn 26806 on Lair:5: This floor has a lot of yaks and elephants. They seem to spawn towards the center. ..# ..# .##. ##. ..# .... .Y ..# ...# ..# .## #..## ..## .# ### #..# #Y.P# ## ##.### #.###PY.## .# ##....####....YYYY# .###......##P...@# ..# #......#...### ..# #..##.....## ..# #...###.### ..####...####### ...# ##...###.P# ...## ##.....P## ....###......### ........8......### Turn 27140 on Lair:5: Catoblepas endvault. ≈~~~~~~~....~~~~≈≈ ~~~~~~~~..##.~~≈≈≈ ≈~~~~~~~~~..#..~~~≈≈ ≈~~~~~~~~~~~~~~~~~~≈ ≈≈≈~~~~~~~~~~~~~~~~~ ≈≈~~~~~~~.~~~~..~~~~ ~~~~~~~..)~~~.##..~~ ~~~~~~~...<~~.....~~ ~..~~~..#@~~~.~~.~~~ ~.~~~~~.).~~~~.~~~~ ~.<~~~~~.~~~~...~~~ ~~~≈~~~~~~~~.##.~~~ ≈≈≈~~~~~~~~...#.~~ ≈≈~~~~~~~~~~~~~~~~ ≈≈~~~~~~~~.~~~~≈≈ ≈~~~~~~~~..~~~~≈≈ ~~~~........~~~~≈ Turn 30214 on Shoals:3: Kraken to the north! #..~DvvP.~~≈ #...y~v..$~≈ #..P~P~.P.~~ #...y~≈...~. #.....~..... #...k......$ #..........# #@## #..# ##.# #####'### #.......# #.......# #.......# #.......# #.......# Turn 31841 on D:14: Swampy vault. ## #. ##. #..## #..## ##@.### #.[}..# ##...## #....# ####..## ##..#..# ##...##.# #..#....# ##.#.#..## Turn 33027 on IceCv: Forbidden chess piece (rook) #..## ##...# .Z.# ##..# #.## #.## D.. ..# ##.# $....# ### ##.#.# $.Z..## ## #.#.#.# D$..Z.# .### ##..##.# .$.#..# }..# ##.# #.## .$$##.# ..## #..# #@##.$##Z.# ..# ##.## ##.#$##...# .## #..# ##D####..# .# ##.## ##Z..#.## .# #.#.# #..#D..# .# ##.## ##.##..# ## #..## #..#.## # ##..# ###.### #..## ##...# Turn 33872 on IceCv: This is new to me. #..............#... ##..............# #........#.##.## #......#..#....#### ..............###$### #..............#....## .........^...)..<..# ..#.......$...##.## ...........@### ## ...$.......# ...#........ ......##.... ..... .....# ............ .. ........ .......... Turn 35567 on Orc:1: What a welcome party! Zin found them unclean, though. ;) ### ##.## ##...# #...## ##..## #...### #####...#.## ### ##.##.......###.### ###..@OT.......#....## ##.##.##O.......#.....# #..TO##......#.##....## #..O..O.T....#.?.....# ......O.....)............### ............O.##...........# .............##.......#..... ...#..................####.. .....................#..#... Turn 35881 on Orc:2: Ogre and troll ending. #~.~###††..# ..^## #~~..###~ ..^# ##~~..~~#~ ..####.~#~....~ ^.###...###....# ^..###.^# #~.^~## #....#### #....~# ##...~# #....## ##~~.~## #~@.# #~##~..# ##..# ..##..~# #~.~# ...[..~# #...### ......## #####...# #...^.## +..##~..# ##~....# +..~^..~# ##.~..# ##~.~..## ###..# ####^.# Turn 46383 on Spider:4: Is there always a phial of floods in this endvault? .###...^.## #'y.##~..# .# ##~....# #'s.~^..~# .# ##.~..##.s.##~.~..## ## ###..##[s ####^.# # ##~..##y ##.## # ###~.~### ##~.# # ##...~.##### ###...# ##....###...###...^.# #.....##.~~^##~@..~## #...~###^~~##~...~~~# #..†## ##~~~^..~~#~~## ##...####††..~####~~~# #...~.~~....## #...~# ##......~#### ##..## ##^.~..^# ##.# ##~#..## ### ###### Turn 46467 on Spider:4: This is the endvault with the moth of wrath, emperor scorpions, etc. in the central room.

≈≈≈≈≈≈≈≈≈≈≈≈≈≈≈≈≈≈≈≈≈≈≈≈≈≈≈≈≈≈≈≈
~~≈≈≈≈≈≈≈≈≈≈≈≈≈≈≈≈≈≈≈≈≈≈≈≈≈≈≈≈#
~~~≈≈≈≈≈≈≈≈≈≈≈≈≈≈≈≈≈≈≈≈≈≈≈≈≈≈#
.~~~≈≈≈≈≈≈≈≈≈≈≈≈≈≈≈≈~(~~≈≈≈≈#
..~~≈≈≈≈≈≈≈≈≈≈≈≈≈~~~~~~[~~≈≈#
#.~~≈≈≈≈≈≈≈≈≈≈≈#######~..~≈≈#
#.~~≈≈≈≈≈≈≈≈≈≈##≈≈≈≈≈##..~~≈#
#.~~≈≈≈≈≈≈≈≈≈##≈#~~~~~##..~~#
#.~~~~~~~≈≈≈≈# #@~≈≈~~~#..~~#
#.~~~~~~~~~≈≈#≈~~≈#≈#~~#..~~##
##.~~~~~~~~~≈#≈~≈##≈≈.~#.."~~##
##.~~..~~~~~#≈~≈≈≈≈..~#...~~~###
#.......~~~#≈~~#≈..#.#...~~~~~~
###~..#..~~##~~~~.#.#.......~~~
###...#......##~~~..#..)......~~
#.~...#.c~~~.~######............
##..).###.~~~~~~.................


Turn 48184 on Shoals:4: It's in the north. Actually not too far from the pair of
stairs. ################# # ≈≈≈≈≈≈≈≈≈≈≈≈≈≈≈≈≈ ≈≈ ≈≈≈≈≈≈≈≈≈≈≈≈≈≈≈≈≈ ≈≈≈
≈≈≈≈≈≈≈≈≈≈≈≈≈≈≈≈≈ ≈≈≈≈ ≈≈≈≈≈≈≈≈≈≈≈≈≈≈≈≈≈ ≈≈≈≈≈≈≈≈≈≈
≈≈≈≈≈≈≈≈≈≈≈≈≈≈≈#######≈≈≈≈≈≈≈≈≈≈≈ ≈≈≈≈≈≈≈≈≈≈≈≈≈≈## ≈≈≈≈##≈≈~~~~~≈≈≈
≈≈≈≈≈~(~~≈≈≈≈##≈#....~##~~~~~~~~≈ ≈≈~~~~~~[~~≈≈#≈#@.≈≈~~~#~.....~~~
#######~..~≈≈#≈..≈#≈#~~#......~~~ #≈≈≈≈≈##..~~≈#≈.≈##≈≈~~#........~
≈#~~~~~##..~~#≈.≈≈≈≈~~.#......... #.~≈≈~~~#..~~#≈.~#≈~~#.#.......##
~~≈#≈#~~#..~~##~~~~~#.#........## ~≈##≈≈.~#.."~~##~~~~~#.........##
~≈≈≈≈..~#..~~~~######..........## ~~#≈..#.#...~~~~~~~~...........## Turn 48727
on Shoals:4: Manual of staves in another northern circle chamber. It's to the
right of the rune chamber. #......# #[.....# #########'##### #....#..#[[..#
#....#..#[÷..# #....#..#..[.# #...##..##[..# #...#....#.).# #..@.........#
#...#....#...# #...##..##...# #....#..#....# #....#..#....# #....#..#....#
###+########## .# Turn 49630 on Vaults:1: The first enemy packs here are pretty
rough. There's a vault warden among many deep trolls and preservers.
#.###...###.#..8...8..#...# #. #:....#..'.........#...#
#.###...###.#.........#...# #...)#.#....#.........#...#
#.)).###.[..#..8...8..#...# #.)..#.#)..÷#.........#...#
#...........#.........#)..# #####'#######..)......#...#
............#..8@..8..#...# #####.......#.###T###.#...# ....#.......#.# oWh
#...# ....#.......#.# ...# #...# ....#.......#.# >..# #...# ....#.......#.# ...#
#...# ....#.......#.# o..# #)..# ....#.......#.#######.#...#
....#.......#.........#...# Turn 55778 on Vaults:3: Saint Roka hanging out with
the ghoulies. In the east. ≈≈≈≈≈≈≈≈≈≈#########≈≈≈≈≈≈ ≈≈≈≈≈≈≈≈≈##.......##≈≈≈≈≈
≈≈≈≈≈≈≈≈##....∩....##≈≈≈≈ ≈≈≈≈≈≈≈##...........##≈≈≈ ≈≈≈≈≈≈##.............##≈≈
≈≈≈≈≈≈#....∩.....∩....#≈≈ ≈≈≈≈≈≈#...............#≈≈ ≈≈≈≈≈≈#.............∩.#≈≈
≈≈≈≈≈≈#.@.............#≈≈ ≈≈≈≈≈≈#...............#≈≈ ≈≈≈≈≈≈#....∩.....∩....#≈≈
≈≈≈≈≈≈##....=........##≈≈ ≈≈≈≈≈≈≈##....=......##≈≈≈ ≈≈≈≈≈≈≈≈##....∩....##≈≈≈≈
≈≈≈≈≈≈≈≈≈##.......##≈≈≈≈≈ ≈≈≈≈≈≈≈≈≈≈#########≈≈≈≈≈≈ ≈≈≈≈≈≈≈≈≈≈≈≈≈≈≈≈≈≈≈≈≈≈≈≈≈
Turn 57338 on Bazaar: Bazaar: glass circle island. ,,,,,* *,,,,,,,* *********
,,,,,* *,,,,,,,* ,,,<,* ********* ######## *,,,,* ########## #....... ***,,*
#........# #......u **** #........# #...#..# ###########........# #....Q#.
#.........#....[...# #...u.## #.........'....[@..# #..#.##*
#.........#..[.....#######...###* #.........#........'...........##
#.........#........'....[...#...# #.........##########....)).....#. #..<......#
#....))....... #.........# #...[......... #.........# ############## ###########
Turn 57567 on Vaults:4: Bazaar is in the north of the floor, btw. Not easy to
reach! Need flight. ...:..#####.###.# ......V#........# ......C.W.......#
.....##.#.......# ......VW##......# ...#.#...#...p..# # #...#......#####
#..#######...... #... #.@...#. ...# #......... ##.p ....#...#.# # #.....##......
.###..... ...##.. .. .. #.......# ....# # .##.# #.#p.##. ..... . #....
.C...####.###### #.#.... #..#.........# >.G!... Turn 67739 on Depths:3: Hoo boy.
Two of the upstairs on this floor are near each other and by a nasty jamboree.
The third stairs aren't too far away, either. ########################
#.......∩.....[@.......∩ #...#.#.#(.##.########## #..........#.## #..#.#.#.#..##
#..........## #.########## #.# #.# #.# Turn 70097 on Depths:3: Two games in a
row? Hot damn! It's in the north. :) ..... #.##.###.##.# #.. ..... #.##.# #.##.#
#.. ..... ####.######.##.# #.. ..... #.......##.....####.. .....
#.###.###.##.##....'.. ..... # ##)## ##.##.####.. ..... ###.##.°.##.#####.# #..
###
